 Dungeon Crawl Stone Soup version 0.20-a0-731-gecde0bf (webtiles) character file.

36 Alarkh the Caller (level 3, -2/24 HPs)
             Began as a Mummy Summoner on Feb 22, 2017.
             Was an Initiate of Wu Jian.
             Slain by a gnoll sergeant
             ... wielding a +0 spear
             ... created by the fury of Okawaru
              (8 damage)
             ... on level 2 of the Dungeon.
             The game lasted 00:02:35 (1504 turns).

Alarkh the Caller (Mummy Summoner)                  Turns: 1504, Time: 00:02:35

Health: -2/24      AC:  2    Str: 11    XL:     3   Next: 19%
Magic:  6/7        EV: 11    Int: 15    God:    Wu Jian [......]
Gold:   71         SH:  0    Dex: 12    Spells: 1/8 levels left

rFire    x . .     SeeInvis .   e - +1 hand axe (vamp)
rCold    + . .     Gourm    .   a - +0 robe
rNeg     + + +     Faith    .   (no shield)
rPois    ∞         Spirit   .   (no helmet)
rElec    .         Reflect  .   (no cloak)
rCorr    .         Harm     .   (no gloves)
MR       .....                  (no boots)
Stlth    +.........             (no amulet)
Regen    0.1/turn               (no ring)
MPRegen  0.1/turn               (no ring)

@: heavily drained
A: no food or potions, fire vulnerability, cold resistance 1, negative energy
resistance 3, torment resistance, unbreathing
a: Renounce Religion


You were on level 2 of the Dungeon.
You worshipped Wu Jian.
Wu Jian was noncommittal.
You were not hungry.

You visited 1 branch of the dungeon, and saw 2 of its levels.

You collected 71 gold pieces.

Inventory:

Hand Weapons
 d - a +0 dagger
 e - a +1 vampiric hand axe (weapon)
Armour
 a - a +0 robe (worn)
Jewellery
 f - an uncursed amulet of harm
Scrolls
 c - 2 scrolls of teleportation
 g - a scroll of remove curse {unknown}
 h - a scroll of identify {unknown}
 i - a scroll of blinking {unknown}
Books
 b - a book of Callings

   Spells                             Type                      Level
   a - Summon Small Mammal            Summoning                    1
   b - Call Imp                       Summoning                    2
   c - Call Canine Familiar           Summoning                    3
   d - Summon Guardian Golem          Hexes/Summoning              3
   e - Summon Lightning Spire         Summoning/Air                4
   f - Summon Ice Beast               Ice/Summoning                4


   Skills:
 - Level 1.5(0.2) Dodging
 - Level 1.5(0.2) Stealth
 + Level 3.4(2.0) Spellcasting
 * Level 3.9(2.4) Summonings


You had one spell level left.
You knew the following spells:

 Your Spells              Type           Power        Failure   Level  Hunger
a - Summon Small Mammal   Summ           #...         12%         1    N/A
b - Call Canine Familiar  Summ           #.......     30%         3    N/A
c - Summon Guardian Gole  Hex/Summ       #.......     43%         3    N/A

Dungeon Overview and Level Annotations

Branches:
Dungeon (2/15)

Altars:
Dithmenos
Elyvilon
Gozag
Nemelex Xobeh
Okawaru
Trog
Wu Jian
Xom
Zin


Innate Abilities, Weirdness & Mutations

You do not eat or drink.
Your flesh is vulnerable to fire.
You are immune to poison.
Your flesh is cold resistant. (rC+)
You are immune to negative energy. (rN+++)
You are immune to unholy pain and torment.
You can survive without breathing.


Message History

The gnoll sergeant barely misses you.
Your rat barely misses the quokka.
The gnoll barely misses you. The quokka bites you.
The gnoll sergeant hits you with a spear.
* * * LOW HITPOINT WARNING * * *
Your rat closely misses the quokka.
The gnoll hits you but does no damage.
You miss the quokka. You barely miss the gnoll sergeant. You hit the gnoll.
You feel better. The quokka bites you.
* * * LOW HITPOINT WARNING * * *
Your rat barely misses the quokka.
The gnoll sergeant barely misses you. The gnoll closely misses you.
A gnoll comes into view. It is wielding a flail.
Unknown command.
You hit the quokka.
You kill the quokka!
The Council accepts your kill.
You hit the gnoll.
You feel better.
You hit the gnoll sergeant but do no damage.
The gnoll barely misses you.
The gnoll sergeant hits you with a spear!
You die...

#####.# #.#
###.....## #.####
........## #.....
#.#.....# #.####
#.......#######.#
##..#............#
.rg##.#.#########
#.###†##g#.#
#....g@gg..#
############


You could see a gnoll sergeant, 4 gnolls and a friendly rat.

Vanquished Creatures
  A worm (D:2)
  5 bats
  A giant cockroach (D:1)
  4 hobgoblins
  3 jackals (D:2)
  3 kobolds
  2 quokkas (D:2)
  A frilled lizard (D:1)
  2 goblins (D:1)
  3 rats
25 creatures vanquished.

Vanquished Creatures (collateral kills)
  A giant cockroach (D:1)
  A goblin (D:1)
  2 hobgoblins (D:1)
4 creatures vanquished.

Grand Total: 29 creatures vanquished

Notes
Turn   | Place    | Note
-------+----------+-------------------------------------------
     0 | D:1      | Alarkh the Mummy Summoner began the quest for the Orb.
     0 | D:1      | Reached XP level 1. HP: 13/13 MP: 4/4
   320 | D:1      | Reached XP level 2. HP: 5/19 MP: 4/6
  1303 | D:2      | Found a bloodstained altar of Trog.
  1304 | D:2      | Found an opulent altar of Gozag.
  1307 | D:2      | Found an iron altar of Okawaru.
  1309 | D:2      | Found a sparkling altar of Nemelex Xobeh.
  1309 | D:2      | Found a shimmering altar of Xom.
  1309 | D:2      | Found a shadowy altar of Dithmenos.
  1312 | D:2      | Became a worshipper of Warmaster Okawaru
  1314 | D:2      | Found a glowing silver altar of Zin.
  1316 | D:2      | Found an ornate altar of the Wu Jian Council.
  1320 | D:2      | Fell from the grace of Okawaru
  1320 | D:2      | Became a worshipper of the Wu Jian Council
  1332 | D:2      | Found a white marble altar of Elyvilon.
  1455 | D:2      | Reached XP level 3. HP: 20/24 MP: 7/7
  1460 | D:2      | Learned a level 3 spell: Call Canine Familiar
  1464 | D:2      | Learned a level 3 spell: Summon Guardian Golem
  1498 | D:2      | Noticed a gnoll sergeant
  1504 | D:2      | Slain by a gnoll sergeant

Vault maps used:
D:1:      dpeg_arrival_tiny_a
D:2:      minitemple

Skill      XL: |  1 |
---------------+----+-----
Spellcasting   | 3 |  3.4
Dodging        | |  1.5
Stealth        | |  1.5
Summonings     | |  3.9

Action                   || total
-------------------------++-------
Melee: Hand axe          ||    79
       Dagger            ||    12
       Unarmed           ||     3
 Cast: Summon Small Mamm ||    14
  Use: Scroll            ||     1
 Stab: Sleeping          ||     1
Armor: Robe              ||    21
Dodge: Dodged            ||    93
